Map: Prion Terraces

Players

Nolimit - Winner!

  • Race: Zerg Zerg
  • League: Master

Miszu

  • Race: Terran Terran
  • League: Master

VOD

Have the link to the VOD?

Description

Time

  • Played on: March 14, 2016, 4:11 p.m.
  • Length: 8:37
Show
View Real Time Build Order
Export as new Build Order

Nolimit Zerg - Winner!

Build Orders: Pool First 

Get SALT Encoding   

  12  0:01  Drone  
  13  0:14  Overlord  
  13  0:20  Drone  
  14  0:33  Drone x2  
  16  0:38  Drone  
  17  0:47  Spawning Pool  
  17  0:48  Drone  
  17  0:58  Drone  
  17  1:03  Extractor  
  17  1:09  Drone  
  18  1:22  Drone, Hatchery  
  18  1:34  Queen  
  18  1:36  Drone  
  21  1:42  Overlord  
  21  1:52  Zergling x2  
  22  2:04  Metabolic Boost, Zergling x2  
  23  2:11  Queen  
  25  2:16  Zergling x2  
  26  2:27  Zergling x2  
  27  2:37  Zergling x4  
  29  2:43  Evolution Chamber  
  28  2:47  Zergling x4  
  28  2:48  Zergling x4  
  32  2:53  Zergling x2  
  32  2:58  Overlord  
  33  3:08  Zergling x4  
  35  3:13  Overlord  
  35  3:23  Zergling x2  
  35  3:24  Zergling x12  
  42  3:43  Drone x4  
  46  3:50  Drone  
  47  3:57  Drone x4  
  44  4:18  Drone x6  
  44  4:20  Hatchery  
  46  4:25  Drone x5  
  46  4:36  Drone x2  
  44  4:46  Zergling x8  
  44  4:47  Extractor  
  44  4:51  Zergling x2  
  47  4:54  Baneling Nest  
  47  4:55  Zergling x2  
  47  5:05  Zergling x2  
  47  5:06  Zergling x2  
  49  5:13  Overlord  
  49  5:16  Hatchery  
  49  5:17  Overlord  
  49  5:18  Zergling x8  
  49  5:20  Zerg Melee Weapons Level 1  
  52  5:24  Evolution Chamber  
  52  5:28  Evolution Chamber  
  51  5:30  Overlord  
  51  5:31  Overlord  
  51  5:35  Lair  
  51  5:43  Drone x2  
  51  5:46  Drone x4  
  56  5:54  Drone x8  
  57  6:06  Drone x3  
  57  6:10  Zerg Ground Armor Level 1  
  56  6:18  Zergling x4, Hatchery  
  55  6:19  Zergling x2  
  55  6:24  Queen  
  60  6:26  Zergling x2  
  60  6:30  Zergling x6  
  64  6:35  Queen  
  64  6:37  Centrifical Hooks  
  64  6:39  Baneling  
  66  6:40  Baneling  
  66  6:41  Zergling x10  
  71  6:47  Zergling x4  
  71  6:48  Zergling x8  
  71  6:53  Baneling  
  71  6:54  Baneling x2  
  77  6:55  Zergling x6  
  80  7:04  Zergling x2  
  80  7:05  Zergling x6  
  84  7:09  Overlord  
  84  7:10  Overlord  
  84  7:15  Zergling x10  
  88  7:17  Overlord x2  
  88  7:19  Overseer  
  88  7:22  Baneling x4  
  88  7:31  Queen  
  90  7:37  Zergling x2  
  90  7:38  Zergling x22  
  102  7:45  Zergling x16  
  102  7:48  Hatchery  
  109  7:56  Zergling x2  
  109  7:57  Zergling x8  
  107  8:12  Zergling x8  
  109  8:13  Zergling x16  
  109  8:16  Zergling x4  
  109  8:17  Baneling x2  
  109  8:18  Baneling x2  
Show
View Real Time Build Order
Export as new Build Order

Miszu Terran 

Build Orders: MMM Bio 

Get SALT Encoding   

  12  0:02  SCV  
  13  0:14  SCV  
  13  0:20  Supply Depot  
  14  0:26  SCV  
  15  0:41  SCV  
  16  0:44  Barracks  
  16  0:47  Refinery  
  16  0:53  SCV  
  17  1:05  SCV  
  18  1:17  SCV  
  20  1:33  Orbital Command  
  20  1:35  Barracks Reactor  
  19  1:41  Command Center  
  19  1:50  Supply Depot  
  19  2:03  SCV  
  20  2:20  SCV  
  21  2:25  Reaper x2  
  23  2:30  Command Center  
  23  2:36  SCV  
  24  2:48  SCV  
  25  2:53  Orbital Command  
  25  2:57  Reaper x2  
  27  3:00  SCV  
  28  3:11  Refinery  
  28  3:12  SCV  
  29  3:18  Barracks  
  29  3:19  Barracks, SCV  
  30  3:24  SCV  
  31  3:30  Reaper x2  
  31  3:31  SCV  
  34  3:37  SCV  
  35  3:43  SCV, Orbital Command  
  36  3:49  SCV  
  36  3:55  SCV  
  38  3:58  Factory  
  38  4:01  SCV  
  39  4:04  Bunker  
  39  4:06  Supply Depot  
  30  4:25  SCV  
  30  4:27  SCV  
  30  4:29  SCV  
  30  4:31  Marine x3  
  27  4:33  Marine  
  27  4:37  SCV  
  31  4:43  SCV  
  31  4:44  SCV  
  31  4:49  Marine x2, SCV  
  34  4:55  SCV  
  34  4:56  SCV  
  36  5:01  Barracks Tech Lab x2, SCV  
  36  5:07  Marine  
  37  5:08  SCV  
  37  5:09  Marine, SCV  
  37  5:13  SCV  
  42  5:15  Starport  
  42  5:20  SCV  
  42  5:21  SCV  
  44  5:23  Marine, Stimpack  
  44  5:24  Marine  
  44  5:25  SCV  
  44  5:26  Refinery  
  44  5:27  Refinery  
  47  5:32  SCV  
  47  5:33  SCV  
  47  5:34  Factory Reactor  
  49  5:37  SCV  
  49  5:38  Marine x2  
  49  5:40  Marine  
  53  5:44  Supply Depot, SCV  
  53  5:45  SCV  
  53  5:49  SCV  
  56  5:56  SCV  
  50  6:07  SCV  
  50  6:08  SCV  
  50  6:09  Marine x2  
  50  6:10  Marine x2  
  56  6:20  SCV  
  56  6:23  Combat Shields  
  56  6:24  Medivac x2, Barracks, Factory Tech Lab  
  56  6:25  Barracks  
  60  6:27  Marine x4  
  60  6:29  Supply Depot  
  64  6:33  Supply Depot  
  64  6:36  SCV  
  64  6:37  SCV  
  64  6:39  Orbital Command  
  66  6:44  Marine  
  66  6:45  Marine x2  
  69  6:50  Marine, Barracks  
  69  6:51  Engineering Bay x2, SCV  
  69  6:53  SCV  
  72  7:02  Marine  
  72  7:03  Medivac x2, SCV  
  72  7:05  SCV  
  72  7:06  SCV  
  80  7:15  SCV  
  81  7:17  Barracks Reactor x2, SCV  
  81  7:18  SCV  
  83  7:27  SCV  
  83  7:29  Bunker, SCV  
  85  7:33  Supply Depot  
  85  7:54  Marine x3, Siege Tank, SCV x2  
  93  8:01  Marine x3, Medivac, SCV  
  89  8:06  SCV x2  
  89  8:11  Marine  
  89  8:12  Marine x3  
  92  8:13  Marine  
  92  8:18  Marine  
  93  8:21  SCV  
Tags
 
Composition
MMM Bio
Matchup
TvZ
Opening
Pool First
Add a new tag
Caveats
  • Supply blocks, unpowered buildings, or Contaminate may cause inaccurate times.
  • Supply counts are checked every 10 seconds.